 Dungeon Crawl Stone Soup version 0.28.0 (webtiles) character file.

Game seed: 1496907356910979231

1104 RighteousDevil the Poker (level 8, -7/96 HPs)
             Began as a Formicid Fighter on Feb 5, 2022.
             Was a Follower of Yredelemnul.
             Mangled by Edmund (9 damage)
             ... on level 5 of the Dungeon.
             The game lasted 00:11:55 (3954 turns).

RighteousDevil the Poker (Formicid Fighter)         Turns: 3954, Time: 00:11:56

Health: -7/96      AC: 24    Str: 18 (21) XL:     8   Next: 58%
Magic:  11/11      EV:  2    Int:  7 (8)  God:    Yredelemnul [*.....]
Gold:   214        SH:  4    Dex: 10 (12) Spells: 7/7 levels left

rFire   . . .      SeeInvis .   a - +0 trident
rCold   . . .      Faith    .   c - +0 buckler
rNeg    . . .      Spirit   .   (armour currently unavailable)
rPois   +          Reflect  .   (helmet unavailable)
rElec   .          Harm     .   (cloak currently unavailable)
rCorr   .          Rampage  .   (gloves currently unavailable)
Will    .....                   (boots currently unavailable)
Stlth   +.........              (no amulet)
HPRegen 0.26/turn               (no ring)
MPRegen 0.12/turn               (no ring)

@: tree-form
A: stationary, stasis, torment immunity, boosted hp, permanent stasis, dig
shafts and tunnels, (antennae 3), four strong arms
a: Renounce Religion, Recall Undead Harvest


You were on level 5 of the Dungeon.
You worshipped Yredelemnul.
Yredelemnul was noncommittal.
You were a tree.
You visited 1 branch of the dungeon, and saw 5 of its levels.

You collected 214 gold pieces.

Inventory:

Hand Weapons
 a - a +0 trident (weapon)
Armour
 b - a +1 scale mail (melded)
 c - a +0 buckler (worn)
 j - a scarf of resistance (melded)
 n - a +0 pair of boots (melded)
Scrolls
 f - a scroll of holy word {unknown}
 g - 2 scrolls of fear {unknown}
 l - a scroll of silence
Potions
 h - 2 potions of cancellation
 k - a potion of berserk rage
 m - a potion of degeneration


   Skills:
 + Level 5.9 Fighting
 * Level 6.5 Polearms
 - Level 4.2 Armour
 - Level 4.7 Shields
 + Level 4.8 Invocations


You had 7 spell levels left.
You didn't know any spells.
Your spell library was empty.

Dungeon Overview and Level Annotations

Branches:
Dungeon (5/15)
 Temple: D:4-7

Altars:
Elyvilon
Yredelemnul

Shops:
D:4 !

Portals:
Abyss: D:4

Annotations:
D:4 2 transporters, crazypyro's ghost, amateur MiFi
D:5 Edmund


Innate Abilities, Weirdness & Mutations

You are a tree.
Your roots penetrate the ground, keeping you stationary.
You cannot be teleported.
You are immune to unholy pain and torment.
Your maximum health is greatly increased.
Your equipment is partially melded.
You cannot be hasted, slowed, berserked, paralysed or teleported.
You can dig through walls and to a lower floor.
((You have a pair of large antennae on your head. (SInv)))
Your four strong arms can wield two-handed weapons with a shield.


Message History

* * * LOW HITPOINT WARNING * * *
Your orc zombie hits Edmund but does no damage.
Your orc wizard zombie hits Edmund but does no damage.
It was a potion of degeneration.
There was something very wrong with that liquid.
You feel weakened.
You feel dopey.
You feel clumsy.
Your sky beast zombie barely misses Edmund.
Edmund hits you but does no damage.
It was a potion of lignification.
You turn into a tree.
Your scarf of resistance melds into your body.
Your +0 pair of boots melds into your body.
Your +1 scale mail melds into your body.
You feel hot and cold all over.
Your roots penetrate the ground.
Your orc zombie closely misses Edmund.
Your orc wizard zombie hits Edmund but does no damage.
Your sky beast zombie hits Edmund but does no damage.
You block Edmund's attack.
Unknown command.
You hit Edmund but do no damage.
Edmund is lightly wounded.
Your orc zombie hits Edmund but does no damage.
Edmund hits you with a +2 dire flail of distortion.
* * * LOW HITPOINT WARNING * * *
Space warps around you.
* * * LOW HITPOINT WARNING * * *
Your orc wizard zombie hits Edmund but does no damage.
Your sky beast zombie hits Edmund but does no damage.
You hit Edmund.
Edmund is lightly wounded.
Edmund hits you with a +2 dire flail of distortion.
* * * LOW HITPOINT WARNING * * *
Your orc zombie hits Edmund but does no damage.
Your orc wizard zombie hits Edmund but does no damage.
Your sky beast zombie hits Edmund but does no damage.
Okay, then.
You hit Edmund but do no damage.
Edmund is lightly wounded.
Edmund hits you with a +2 dire flail of distortion!
You die...
Your body rises from the dead as a mindless zombie.

##..#..# ##......#
#.....⌠.## ##
##.#.....## #.
###...⌠...⌠.## ##
##............# ###
#........<....###..
#...Z.........##...
##.♣@Z..⌠...⌠.......
###....Z..............
#......##...⌠[........
###..####.............
##.# ##............
### #....##......
#..)..#......
......)......
....#.... #. .


You could see Edmund (ally target), a friendly sky beast zombie, a friendly orc
zombie and a friendly orc wizard zombie.

Vanquished Creatures
  Prince Ribbit (D:4)
  2 sky beasts (D:5)
  An ogre (D:4)
  A centaur (D:5)
  A bullfrog (D:4)
  2 jellies
  A bullfrog zombie (D:5)
  2 orc priests (D:5)
  A hound (D:4)
  Natasha (D:4)
  An iguana (D:4)
  2 orc wizards (D:5)
  5 adders
  A shadow imp (D:4)
  An ufetubus (D:5)
  A worm (D:3)
  3 dart slugs (D:1)
  2 orcs (D:5)
  6 ball pythons
  11 endoplasms
  2 giant cockroaches
  2 goblins
  5 hobgoblins
  2 jackals (D:3)
  A quokka (D:3)
  4 bats
  2 frilled lizards (D:1)
  6 kobolds
  6 rats
76 creatures vanquished.

Vanquished Creatures (collateral kills)
  A water moccasin skeleton (D:5)
  A centaur skeleton (D:5)
  An adder (D:3)
  An ufetubus (D:5)
  An adder skeleton (D:5)
  A goblin (D:4)
  3 hobgoblins
  2 ball pythons (D:2)
  A bat (D:2)
  A frilled lizard (D:1)
13 creatures vanquished.

Vanquished Creatures (others)
  A hound zombie (D:4)
  3 bat zombies (D:1)
  A goblin (D:4)
  A hobgoblin zombie (D:4)
  A spectral ufetubus (D:5)
7 creatures vanquished.

Grand Total: 96 creatures vanquished

Notes
Turn   | Place    | Note
-------+----------+-------------------------------------------
     0 | D:1      | RighteousDevil the Formicid Fighter began the quest for the
                  | Orb.
     0 | D:1      | Reached XP level 1. HP: 18/18 MP: 1/1
   214 | D:1      | Reached XP level 2. HP: 22/24 MP: 2/2
   268 | D:1      | Found a faded altar of an unknown god.
   289 | D:1      | Prayed at the altar of an unknown god.
   289 | D:1      | Became a worshipper of Yredelemnul the Dark
   289 | D:1      | Reached * piety under Yredelemnul
   366 | D:1      | Reached XP level 3. HP: 29/29 MP: 3/3
   424 | D:1      | Reached ** piety under Yredelemnul
  1017 | D:2      | Reached skill level 1 in Invocations
  1046 | D:2      | Reached XP level 4. HP: 37/37 MP: 4/4
  1448 | D:3      | Reached skill level 3 in Polearms
  1820 | D:3      | Reached XP level 5. HP: 42/42 MP: 6/6
  2373 | D:4      | Noticed an ogre
  2383 | D:4      | Killed an ogre
  2384 | D:4      | Reached XP level 6. HP: 47/48 MP: 7/7
  2866 | D:4      | Found a white marble altar of Elyvilon.
  2878 | D:4      | Found Potsajep's Distillery.
  2911 | D:4      | Found a one-way gate to the infinite horrors of the Abyss.
  2911 | D:4      | Noticed crazypyro's ghost (amateur MiFi)
  2912 | D:4      | Noticed a toenail golem
  2969 | D:4      | Noticed Natasha
  2977 | D:4      | Killed Natasha
  2978 | D:4      | Reached skill level 4 in Polearms
  3052 | D:4      | Found a transporter.
  3055 | D:4      | Found a transporter.
  3145 | D:5      | Entered Level 5 of the Dungeon
  3147 | D:5      | Noticed Prince Ribbit
  3206 | D:4      | Reached XP level 7. HP: 20/55 MP: 9/9
  3446 | D:4      | Killed Prince Ribbit
  3447 | D:4      | Reached skill level 5 in Fighting
  3447 | D:4      | Reached skill level 5 in Polearms
  3479 | D:5      | Reached XP level 8. HP: 38/62 MP: 10/10
  3499 | D:5      | Reached skill level 6 in Polearms
  3926 | D:5      | Noticed Edmund
  3953 | D:5      | HP: 2/96 [Edmund (4)]
  3954 | D:5      | Mangled by Edmund

Illustrated notes

Levels and vault maps discovered:
D:1:      saegor_arrival_simple_a, layout_basic, ebering_ecumenical_altar_webs,
          minmay_ruptured
D:2:      layout_rooms, minmay_unequal
D:3:      layout_basic
D:4:      layout_basic, elyvilon_altar_4, gammafunk_ghost_abyssal_escape,
          serial_shops, shop, uniq_natasha
D:5:      layout_cave_pools, corexii_corridor_pit, grunt_ministairs_2,
          uniq_edmund, uniq_prince_ribbit1, uniq_blork_the_orc

Skill      XL: |  1  2  3  4  5  6  7  8 |
---------------+-------------------------+-----
Shields        | 4 |  4.7
Invocations    | 1 2 3 4 |  4.8
Polearms       | 3 4 5 6 |  6.5
Fighting       | 4 5 |  5.9
Armour         | 4 |  4.2

Action                   |  1- 3 |  4- 6 |  7- 9 || total
-------------------------+-------+-------+-------++-------
Melee: Trident           |    78 |   122 |    71 ||   271
Invok: Recall Undead Har |       |     1 |       ||     1
  Use: Scroll            |     4 |     6 |       ||    10
       Potion            |       |     1 |     5 ||     6
Armor: Scale mail        |    19 |    37 |    33 ||    89
Dodge: Dodged            |    16 |    41 |    27 ||    84
Block: Buckler           |    14 |    22 |    19 ||    55
